 Dungeon Crawl Stone Soup version 0.31-a0-214-gb37851d (webtiles) character file.

Game seed: 2676581331699003208

274616 lyrin the Peltast (level 21, 0/136 HPs)
             Began as a Djinni Venom Mage on July 1, 2023.
             Was a High Priest of Elyvilon.
             Slain by the 27-headed Lernaean hydra (5 damage)
             ... on level 4 of the Swamp.
             The game lasted 02:08:37 (50195 turns).

lyrin the Peltast (Djinni Venom Mage)              Turns: 50195, Time: 02:08:37

Health: 0/136      AC: 20    Str: 15    XL:     21   Next: 98%
Gold:   1638       EV: 16    Int: 24    God:    Elyvilon [*****.] SH: 15 Dex: 19

rFire   + + +        X - +0 double sword (flame)
rCold   . . .        P - +0 kite shield {reflect}
rNeg    . . .        z - +7 ring mail "Ceyhaog" {Int+5}
rPois   ∞            I - +1 hat
rElec   +            J - +2 cloak
rCorr   .            Q - +0 pair of gloves of Hospitality {rElec Will++}
SInv    .            (boots unavailable)
Will    ++++.        (no amulet)
Stlth   +++          o - ring of wizardry
HPRegen 0.00/turn    A - ring "Niohul" {rF+ rC+ Str+2 Stlth+}
MPRegen 0.00/turn

%: reflection, clarity, wizardry (x1), infuse magic (-1 HP)
@: forested, flying, very slightly contaminated, inhibited regen, studying 2
skills, unable to read
A: sickness immunity, fire resistance 2, cold vulnerability 1, float, innate
caster, HP casting, extra vitality 1, horns 1, clarity, inhibited regeneration,
strong 1, inability to read after injury 2, devolution 1
a: Renounce Religion, Purification, Heal Other, Heal Self, Divine Vigour


You were on level 4 of the Swamp.
You worshipped Elyvilon.
Elyvilon was extremely pleased with you.
You visited 6 branches of the dungeon, and saw 30 of its levels.
You also visited: Ossuary and Gauntlet.

You collected 4560 gold pieces.
You spent 2922 gold pieces at shops.

Inventory:

Hand Weapons
 M - a +4 long sword of electrocution
 T - the +10 zealot's sword {holy, Zealotry, *Rage rN+ EV+3}
   (You found it in a Gauntlet)

   Zealotry:  Whenever the wielder enters a berserk rage, their allies are
   berserked alongside them.
   EV:        It affects your evasion (+3).
   rN:        It protects you from negative energy.
   *Rage:     It berserks you when you make melee attacks (+20% chance).
 X - a +0 double sword of flaming (weapon)
Missiles
 D - 9 curare-tipped darts (quivered)
Armour
 y - a +0 kite shield
 z - the +7 ring mail "Ceyhaog" (worn) {Int+5}
   (You took it off a gnoll sergeant on level 5 of the Dungeon)

   Int:       It affects your intelligence (+5).
 I - a +1 hat (worn)
 J - a +2 cloak (worn)
 K - a +1 pair of gloves
 P - a +0 kite shield of reflection (worn)
 Q - the +0 pair of gloves of Hospitality (worn) {rElec Will++}
   (You bought it in a shop on level 2 of the Orcish Mines)

   rElec:     It insulates you from electricity.
   Will:      It greatly increases your willpower.
Magical Staves
 W - a staff of fire
Jewellery
 j - an amulet of reflection
 o - a ring of wizardry (left hand)
 p - a +4 ring of protection
 A - the ring "Niohul" (right hand) {rF+ rC+ Str+2 Stlth+}
   (You found it on level 5 of the Dungeon)

   [ring of protection from cold]

   Str:       It affects your strength (+2).
   rF:        It protects you from fire.
   rC:        It protects you from cold.
   Stlth:     It makes you more stealthy.
 B - an amulet of faith
 H - a ring of resist corrosion
 O - the amulet "Nejyttus" {Acrobat +Blink Int+4}
   (You found it in a Gauntlet)

   [amulet of the acrobat]

   It increases your evasion while moving and waiting.
   Int:       It affects your intelligence (+4).
   +Blink:    It lets you blink.
 S - the ring "Newniteh" {*Slow Str+6 Dex+5}
   (You took it off a deep elf demonologist on level 3 of the Elven Halls)

   [ring of strength]

   Str:       It affects your strength (+6).
   Dex:       It affects your dexterity (+5).
   *Slow:     It may slow you when you take damage.
Wands
 k - a wand of paralysis (34)
 u - a wand of acid (13)
 x - a wand of polymorph (33)
 L - a wand of roots (31)
 U - a wand of flame (50)
 V - a wand of digging (7)
Scrolls
 a - 4 scrolls of vulnerability
 b - 2 scrolls of revelation
 c - 8 scrolls of enchant weapon
 d - 8 scrolls of fog
 f - 3 scrolls of fear
 r - 6 scrolls of poison
 t - 3 scrolls of enchant armour
 v - 6 scrolls of teleportation
 w - 2 scrolls of blinking
 F - 2 scrolls of immolation
 N - a scroll of silence
 R - 2 scrolls of identify
 Z - a scroll of butterflies
Potions
 e - 7 potions of curing
 g - 3 potions of haste
 h - 3 potions of might
 i - 3 potions of lignification
 l - 3 potions of cancellation
 m - 11 potions of heal wounds
 n - 6 potions of enlightenment
 q - 2 potions of resistance
 s - 3 potions of brilliance
 C - 6 potions of ambrosia
 E - 4 potions of invisibility
 G - 2 potions of attraction {unknown}


   Skills:
 + Level 8.2 Fighting
 + Level 1.7(7.2) Short Blades
 * Level 11.0(11.1) Long Blades
 - Level 3.8 Axes
 - Level 10.0 Armour
 - Level 10.2 Dodging
 - Level 1.7 Stealth
 - Level 17.0 Shields
 + Level 0.5 Unarmed Combat
 * Level 14.0 Spellcasting
 * Level 14.0 Conjurations
 * Level 14.0 Hexes
 * Level 14.0 Summonings
 * Level 14.0 Necromancy
 * Level 14.0 Translocations
 * Level 14.0 Transmutations
 * Level 14.5 Fire Magic
 * Level 14.0 Ice Magic
 * Level 14.0 Air Magic
 * Level 14.0 Earth Magic
 * Level 14.0 Poison Magic
 * Level 14.4 Invocations
 + Level 1.3 Evocations


You knew the following spells:

 Your Spells              Type           Power      Damage    Failure   Level
a - Poisonous Vapours     Pois/Air       100%       N/A       1%          2
b - Sticky Flame          Conj/Fire      71%        2d8       1%          4
c - Sting                 Tmut/Pois      100%       1d8       1%          1
d - Olgreb's Toxic Radia  Pois           71%        N/A       1%          4
e - Summon Cactus Giant   Summ           35%        N/A       1%          6
f - Summon Hydra          Summ           35%        N/A       11%         7
g - Summon Forest         Summ/Tloc      35%        N/A       1%          5
h - Mephitic Cloud        Conj/Pois/Air  71%        N/A       1%          3
i - Irradiate             Conj/Tmut      35%        3d23      1%          5
j - Lesser Beckoning      Tloc           100%       N/A       1%          2
k - Necrotise             Necr           100%       1d9       1%          1
l - Call Imp              Summ           100%       N/A       1%          2
m - Eringya's Noxious Bo  Tmut/Pois      35%        N/A       1%          6
n - Spellforged Servitor  Conj/Summ      35%        N/A       11%         7
Your spell library was empty.

Dungeon Overview and Level Annotations

Branches:
Dungeon (15/15)            Temple (1/1) D:4            Lair (5/5) D:8
  Swamp (4/4) Lair:2        Snake (0/4) Lair:2        Slime (0/5) Lair:4
    Orc (2/2) D:9             Elf (3/3) Orc:2        Depths (0/4) D:15
Ossuary (visited)         Gauntlet (visited)
 Vaults: D:13-14

Altars:
Dithmenos
Elyvilon
Gozag
Hepliaklqana
Makhleb
Nemelex Xobeh
Okawaru
Qazlal
Ru
Trog
Uskayaw
Wu Jian
Yredelemnul
Zin
The Shining One

Shops:
D:4 !(**   D:10 !   Orc:2 *!*[(   Elf:1 ==:

Portals:
Trove: Elf:1 (show slimy rune of Zot)

Annotations:
D:3 2 transporters
D:5 ChinnyChinChin's ghost, novice SpVM
Lair:1 3 runed translucent doors, Decysan's ghost, journeyman DjFE
Lair:5 exclusion: oklob plant
Swamp:3 exclusion: downstairs
Swamp:4 Lernaean hydra


Innate Abilities, Weirdness & Mutations

You are immune to sickness and miasma.
You are immune to poison.
Your flesh is very heat resistant. (rF++)
You are vulnerable to cold. (rC-)
You float through the air rather than walking.
You learn spells naturally, not from books.
Your magical power is your life essence.
You have superior vitality. (+4 MHP)
You have a pair of small horns on your head.
You possess an exceptional clarity of mind.
You do not regenerate when monsters are visible.
Your muscles are strong. (Str +4, Int/Dex -1)
You sometimes lose the ability to read scrolls when taking damage.
You have hidden genetic defects.


Message History

Your cactus giant disappears in a puff of smoke!
Okay, then.
You cannot read scrolls in your current state!
Unknown command.
Aiming: Corrosive Bolt
Press: ? - help, Shift-Dir - straight line, f - 27-headed Lernaean hydra
Aim: the 27-headed Lernaean hydra (almost dead, strong, unaware, hasn't noticed you, 90% to hit)
The bolt of acid hits the 27-headed Lernaean hydra!
The acid corrodes the 27-headed Lernaean hydra!
The 27-headed Lernaean hydra is almost dead.
The 27-headed Lernaean hydra roars deafeningly!
You cannot read scrolls in your current state!
Unknown command.
Okay, then.
You are healed.
The 27-headed Lernaean hydra bites you.
The 27-headed Lernaean hydra closely misses you.
You block the 27-headed Lernaean hydra's attack.
The 27-headed Lernaean hydra bites you but does no damage.
The 27-headed Lernaean hydra bites you!
* * * LOW HITPOINT WARNING * * *
The 27-headed Lernaean hydra bites you but does no damage.
You block the 27-headed Lernaean hydra's attack.
The 27-headed Lernaean hydra bites you.
* * * LOW HITPOINT WARNING * * *
The 27-headed Lernaean hydra bites you but does no damage. x2
The 27-headed Lernaean hydra bites you.
* * * LOW HITPOINT WARNING * * *
The 27-headed Lernaean hydra bites you but does no damage.
The 27-headed Lernaean hydra bites you!
* * * LOW HITPOINT WARNING * * *
The 27-headed Lernaean hydra bites you! Elyvilon protects you from harm!
The 27-headed Lernaean hydra bites you.
* * * LOW HITPOINT WARNING * * *
You block the 27-headed Lernaean hydra's attack. x2
The 27-headed Lernaean hydra bites you but does no damage.
The 27-headed Lernaean hydra completely misses you.
The 27-headed Lernaean hydra closely misses you. x2
The 27-headed Lernaean hydra bites you.
You die...

♣♣♣♣♣♣♣♣♣~~..♣♣.~~~.~~~~..~~~~~~~
♣ ♣♣.~♣♣~~~~.~~.~$§~~~~~~~~~~.~~
♣♣♣.~~~..~~~~~~~~~♣....~~~~~~.?..
~♣~~~~~..^~~~~~~~~~§~~~~~~..~~.♣♣
°.D☼~~~♣♣♣§...~.§~~~~~.~~~.~~~~♣♣
○♣°°~§~.♣♣♣♣♣.~~.....~.~~~~~...♣~
♣~.~~~~.♣♣♣.§~~~~...~♣....♣♣.~...
~~.~~~~).~.~~~§~§~.♣..~..~♣♣.~~.~
.^.~~~♣♣.~~.~~~D@~~♣~~.♣♣♣♣.~~~~~
♣~....♣♣~~~D.[§.~~~<~~.♣♣ ♣~~~~~~
♣~♣.~..~♣..♣♣♣♣~...~~~~~♣ ♣~~~~..
♣♣...~~.♣~♣ ♣~..♣♣♣♣~~.♣♣♣~~~.~~
~ .~~....♣ ♣.~♣♣ ♣.§~~♣.~~.~♣♣
..~..~.. ♣♣♣♣ ♣.~~~.~~†~♣♣♣ .~~♣
♣♣~~.~~♣~.~♣♣ .~ ♣~..♣♣♣~~~§~
♣♣..♣♣♣§~~~~


You could see the 27-headed Lernaean hydra (strong, corroded) and a seven-headed
hydra (strong).

Vanquished Creatures
  Jorgrun (Orc:1)
  2 deep elf blademasters (Elf:3)
  4 deep elf master archers (Elf:3)
  Frances (Elf:1)
  3 deep elf sorcerers (Elf:3)
  Nessos (D:12)
  4 eleionomae
  2 deep elf annihilators (Elf:3)
  A deep elf demonologist (Elf:3)
  5 bunyips
  A deep elf death mage (Elf:3)
  A minotaur (Gauntlet)
  Josephine (D:12)
  A fire dragon (Lair:5)
  A deep elf high priest (Elf:1)
  20 hydras
  3 centaur warriors
  9 alligators
  A tengu warrior (D:15)
  25 dancing weapons
  A two-headed ogre (D:11)
  3 boulder beetles
  4 orc high priests
  Urug (Lair:5)
  2 thrashing horrors (Gauntlet)
  A vampire mage (Swamp:3)
  10 deep elf knights
  A shock serpent (shapeshifter) (Elf:3)
  A wretched star (Gauntlet)
  A deep troll (Lair:1)
  6 goliath frogs
  3 spriggan druids
  A flayed ghost (D:13)
  6 deep elf archers
  5 swamp dragons
  A wizard (D:15)
  A lindwurm (Lair:5)
  2 bog bodies
  22 deep elf pyromancers
  4 orc knights
  A necromancer (D:15)
  23 ugly things
  33 deep elf zephyrmancers
  3 manticores
  2 wolf spiders (D:13)
  2 orc sorcerers
  3 cyclopes
  3 will-o-the-wisps
  6 black mambas
  8 elephants (Lair:5)
  Maurice (D:8)
  3 molten gargoyles (Lair:5)
  3 gargoyles
  13 cane toads
  2 torpor snails (Lair:4)
  A centaur skeleton (D:15)
  An unseen horror (D:13)
  17 komodo dragons
  A kobold demonologist (D:10)
  4 rime drakes
  A yaktaur (D:13)
  A minotaur zombie (Gauntlet)
  Psyche (D:10)
  A freezing wraith (D:13)
  8 trolls
  A polar bear (Lair:4)
  9 hornets
  7 tyrant leeches
  6 meliai (D:12)
  A dream sheep (Lair:4)
  10 blink frogs
  13 slime creatures
  3 centaur simulacra
  3 vampires
  3 water elementals
  2 air elementals
  6 wraiths
  7 wyverns
  2 fire elementals
  54 yaks
  7 spriggans
  4 steam dragons
  Eustachio (D:5)
  3 vampire mosquitoes (D:13)
  A neqoxec (Gauntlet)
  6 basilisks
  3 nagas (Lair:2)
  A warg (Orc:1)
  3 acid dragons
  12 water moccasins
  18 swamp worms
  3 hell hounds (Lair:5)
  4 nameless horrors
  11 swamp drakes
  5 black bears
  26 orc warriors
  2 ice beasts
  4 small abominations (Gauntlet)
  3 centaurs
  An ogre (Orc:2)
  21 wolves
  6 kobold brigands
  Blork the orc (D:6)
  5 gnoll sergeants
  9 bullfrogs
  5 scorpions
  2 earth elementals
  9 killer bees
  6 electric eels
  A howler monkey (D:11)
  5 lava snakes (Lair:5)
  3 jellies
  29 orc priests
  A hound (D:7)
  A gnoll bouda (D:5)
  3 iguanas (D:5)
  31 orc wizards
  9 mummies
  16 gnolls
  7 adders
  2 white imps
  3 ufetubi
  A dart slug (D:2)
  79 orcs
  5 ball pythons
  3 bats (D:2)
  6 endoplasms
  3 giant cockroaches
  2 gnoll zombies (Ossuary)
  4 goblins
  6 hobgoblins
  5 frilled lizards
  4 hobgoblin zombies
  33 kobolds
  2 kobold zombies
  2 orc zombies (Ossuary)
  7 rats
887 creatures vanquished.

Vanquished Creatures (collateral kills)
  Rupert (Lair:4)
  2 deep elf blademasters (Elf:3)
  Donald (Swamp:2)
  4 deep elf sorcerers (Elf:3)
  A deep elf elementalist (Elf:2)
  3 deep elf demonologists (Elf:3)
  4 deep elf annihilators
  A deep elf death mage (Elf:3)
  A deep elf knight (Elf:2)
  2 bog bodies (Lair:2)
  A spriggan druid (Swamp:4)
  3 deep elf pyromancers (Elf:3)
  7 deep elf zephyrmancers
  4 ugly things (D:15)
  A centaur skeleton (D:15)
  A nameless horror (D:15)
  A freezing wraith (D:13)
  A tyrant leech (Swamp:3)
  3 dream sheep (Lair:4)
  A water elemental (Elf:3)
  A shadow (D:13)
  A centaur simulacrum (D:15)
  A spriggan (Swamp:2)
  A yak (Lair:4)
  A fire elemental (Elf:3)
  A neqoxec (Gauntlet)
  A floating eye (shapeshifter) (Elf:1)
  A black bear (Lair:4)
  A phantom (D:4)
  An earth elemental (Elf:3)
  2 electric eels (Elf:3)
55 creatures vanquished.

Vanquished Creatures (others)
  A bog body (Swamp:3)
  3 deep elf pyromancers
  A bloated husk (Swamp:3)
  8 foxfires
  A snaplasher vine (D:15)
14 creatures vanquished.

Grand Total: 956 creatures vanquished

Notes
Turn   | Place    | Note
-------+----------+-------------------------------------------
     0 | D:1      | lyrin the Djinni Venom Mage began the quest for the Orb.
     0 | D:1      | lyrin set off with the following spells memorised: Sting,
                  | Poisonous Vapours, Mephitic Cloud, Olgreb's Toxic Radiance.
     0 | D:1      | Reached XP level 1. HP: 15/15 MP: 0/0
   184 | D:1      | Found a faded altar of an unknown god.
   294 | D:1      | Reached XP level 2. HP: 17/21 MP: 0/0
   706 | D:2      | Reached XP level 3. HP: 19/25 MP: 0/0
   706 | D:2      | Learned a level 1 spell: Necrotise
  1506 | D:2      | Reached XP level 4. HP: 15/31 MP: 0/0
  1882 | D:3      | Found a transporter.
  1891 | D:3      | Found a transporter.
  2171 | D:3      | Found an iron altar of Okawaru.
  2635 | D:4      | Reached XP level 5. HP: 26/35 MP: 0/0
  2635 | D:4      | Learned a level 2 spell: Call Imp
  2647 | D:4      | Reached skill level 1 in Short Blades
  2834 | D:4      | Found Ingoul's General Store.
  2933 | D:4      | Found Loonkej's Assorted Antiques.
  3052 | D:4      | Reached XP level 6. HP: 9/41 MP: 0/0
  3309 | D:4      | Reached skill level 1 in Fighting
  3319 | D:4      | Found Zeanwapu's Distillery.
  3352 | D:4      | Reached skill level 1 in Shields
  3652 | D:4      | Found Guim's Weapon Boutique.
  3696 | D:4      | Reached XP level 7. HP: 44/47 MP: 0/0
  3696 | D:4      | Learned a level 2 spell: Lesser Beckoning
  3782 | D:4      | Found a staircase to the Ecumenical Temple.
  3789 | Temple   | Entered the Ecumenical Temple
  3849 | Temple   | Became a worshipper of Elyvilon the Healer
  4047 | D:4      | Found a basalt altar of Yredelemnul.
  4197 | D:5      | Entered Level 5 of the Dungeon
  4203 | D:5      | Identified the +7 ring mail "Ceyhaog" {Int+5}
  4213 | D:5      | Found a transporter.
  4215 | D:5      | Noticed ChinnyChinChin's ghost (novice SpVM)
  4217 | D:5      | Found a transporter.
  4479 | D:5      | Reached skill level 5 in Spellcasting
  4479 | D:5      | Reached skill level 5 in Conjurations
  4479 | D:5      | Reached skill level 5 in Hexes
  4479 | D:5      | Reached skill level 5 in Summonings
  4479 | D:5      | Reached skill level 5 in Necromancy
  4479 | D:5      | Reached skill level 5 in Translocations
  4479 | D:5      | Reached skill level 5 in Transmutations
  4479 | D:5      | Reached skill level 5 in Fire Magic
  4479 | D:5      | Reached skill level 5 in Ice Magic
  4479 | D:5      | Reached skill level 5 in Air Magic
  4479 | D:5      | Reached skill level 5 in Earth Magic
  4479 | D:5      | Reached skill level 5 in Poison Magic
  4609 | D:5      | Noticed a yak
  4610 | D:5      | Noticed a yak
  4624 | D:5      | Noticed a yak
  4625 | D:5      | Noticed a yak
  4655 | D:5      | Noticed a yak
  4661 | D:5      | Killed a yak
  4680 | D:5      | Noticed a yak
  4682 | D:5      | Killed a yak
  4683 | D:5      | Reached XP level 8. HP: 17/53 MP: 0/0
  4684 | D:5      | Killed a yak
  4685 | D:5      | Reached skill level 2 in Shields
  4686 | D:5      | Killed a yak
  4689 | D:5      | Reached * piety under Elyvilon
  4842 | D:4      | Killed a yak
  5110 | D:5      | Reached skill level 1 in Axes
  5110 | D:5      | Reached skill level 1 in Evocations
  5124 | D:5      | Killed a yak
  5125 | D:5      | Reached skill level 5 in Dodging
  5125 | D:5      | Reached XP level 9. HP: 32/59 MP: 0/0
  5125 | D:5      | Learned a level 4 spell: Sticky Flame
  5657 | D:5      | Noticed Eustachio
  5696 | D:5      | HP: 2/59 [river rat[Eustachio] (4)]
  5735 | D:5      | Killed Eustachio
  5964 | D:5      | Reached skill level 3 in Shields
  6581 | D:5      | Identified the ring "Niohul" {rF+ rC+ Str+2 Stlth+}
  6829 | D:6      | Found a sand-covered staircase.
  6882 | Ossuary  | Entered an ossuary
  6958 | Ossuary  | Reached ** piety under Elyvilon
  7534 | D:6      | Found a hazy altar of Hepliaklqana.
  7599 | D:6      | Noticed Blork the orc
  7606 | D:6      | Killed Blork the orc
  7662 | D:6      | Reached skill level 1 in Armour
  8093 | D:6      | Reached *** piety under Elyvilon
  8226 | D:7      | Found a stormy altar of Qazlal.
  8258 | D:7      | Reached XP level 10. HP: 64/67 MP: 0/0
  9038 | D:8      | Reached **** piety under Elyvilon
  9068 | D:8      | Reached skill level 1 in Invocations
  9444 | D:8      | Found a staircase to the Lair.
  9489 | D:8      | Reached skill level 4 in Shields
  9930 | D:8      | Reached skill level 5 in Shields
  9982 | D:8      | Reached skill level 6 in Shields
 10109 | D:8      | Noticed Maurice
 10201 | D:8      | Reached XP level 11. HP: 57/71 MP: 0/0
 10201 | D:8      | Learned a level 5 spell: Irradiate
 10913 | D:9      | Reached skill level 7 in Shields
 11455 | D:9      | Reached skill level 5 in Invocations
 11681 | D:9      | Found a staircase to the Orcish Mines.
 11683 | D:9      | Reached ***** piety under Elyvilon
 11847 | D:10     | Entered Level 10 of the Dungeon
 12218 | D:10     | Reached skill level 8 in Shields
 12671 | D:10     | Noticed Psyche
 12688 | D:10     | Killed Psyche
 12875 | D:10     | Found Piafyxty's Distillery.
 13346 | D:11     | Reached XP level 12. HP: 74/78 MP: 0/0
 13408 | D:11     | Noticed a two-headed ogre
 13416 | D:11     | Killed a two-headed ogre
 13766 | D:11     | Noticed a fire dragon
 14117 | D:11     | Reached skill level 9 in Shields
 14587 | D:12     | Identified the +3 leather armour of the Kissing Gods {-Tele
                  | rF+ rC+ Int+7}
 14718 | D:12     | Noticed Nessos
 14731 | D:12     | Killed Nessos
 15232 | D:12     | Reached skill level 5 in Armour
 15674 | D:12     | Reached skill level 10 in Shields
 16025 | D:12     | Noticed Josephine
 16071 | D:12     | Killed Josephine
 16526 | D:12     | Reached XP level 13. HP: 58/85 MP: 0/0
 16526 | D:12     | Learned a level 5 spell: Summon Forest
 17009 | D:13     | Reached ****** piety under Elyvilon
 17123 | D:13     | Elyvilon protects you from harm!
 17890 | D:13     | Reached skill level 11 in Shields
 18073 | D:13     | Noticed a centaur warrior
 18109 | D:13     | Killed a centaur warrior
 18333 | D:14     | Found a white marble altar of Elyvilon.
 18372 | D:14     | You are sucked into a shaft and drop 1 floor!
 18372 | D:15     | Entered Level 15 of the Dungeon
 18700 | D:15     | Reached skill level 5 in Fighting
 18700 | D:15     | Reached skill level 10 in Spellcasting
 18700 | D:15     | Reached skill level 10 in Conjurations
 18700 | D:15     | Reached skill level 10 in Hexes
 18700 | D:15     | Reached skill level 10 in Summonings
 18700 | D:15     | Reached skill level 10 in Necromancy
 18700 | D:15     | Reached skill level 10 in Translocations
 18700 | D:15     | Reached skill level 10 in Transmutations
 18700 | D:15     | Reached skill level 10 in Fire Magic
 18700 | D:15     | Reached skill level 10 in Ice Magic
 18700 | D:15     | Reached skill level 10 in Air Magic
 18700 | D:15     | Reached skill level 10 in Earth Magic
 18700 | D:15     | Reached skill level 10 in Poison Magic
 19392 | D:15     | Reached XP level 14. HP: 75/92 MP: 0/0
 19522 | D:15     | Reached skill level 12 in Shields
 19909 | D:15     | Found a staircase to the Depths.
 19978 | D:15     | Reached skill level 10 in Invocations
 21849 | D:8      | Found a staircase to the Lair.
 21893 | D:8      | Killed Maurice
 22030 | D:5      | Found a transporter.
 22031 | D:5      | Found a transporter.
 22750 | Orc:1    | Entered Level 1 of the Orcish Mines
 23171 | Orc:2    | Entered Level 2 of the Orcish Mines
 23391 | Orc:2    | Found a staircase to the Elven Halls.
 23792 | Orc:2    | Paralysed by an orc sorcerer for 4 turns
 24090 | Orc:2    | Noticed Jorgrun
 24347 | Orc:1    | HP: 4/92 [constriction (11)]
 24355 | Orc:1    | Killed Jorgrun
 24356 | Orc:1    | Reached skill level 13 in Shields
 24881 | Orc:2    | Reached XP level 15. HP: 95/98 MP: 0/0
 24881 | Orc:2    | Learned a level 6 spell: Summon Cactus Giant
 25000 | Orc:2    | Found Pova's Assorted Antiques.
 25006 | Orc:2    | Bought a scroll labelled YJAOGO HONO for 23 gold pieces
 25021 | Orc:2    | Found Timysive's Armour Boutique.
 25021 | Orc:2    | Found Sodank's Antique Weapon Boutique.
 25022 | Orc:2    | Found Rukeddua's Assorted Antiques.
 25047 | Orc:2    | Found Vifauw's Distillery.
 25052 | Orc:2    | Bought a pair of smoking gloves for 180 gold pieces
 25052 | Orc:2    | Identified the +0 pair of gloves of Hospitality {rElec
                  | Will++} (You bought it in a shop on level 2 of the Orcish
                  | Mines)
 25053 | Orc:2    | Bought a potion of heal wounds for 65 gold pieces
 25732 | Lair:1   | Entered Level 1 of the Lair of Beasts
 25923 | Lair:1   | Found a runed translucent gate.
 25924 | Lair:1   | Found a runed translucent gate.
 25925 | Lair:1   | Found a runed translucent gate.
 25926 | Lair:1   | Noticed Decysan's ghost (journeyman DjFE)
 26012 | Lair:1   | Found a gate leading to a gauntlet.
 26022 | Gauntlet | Entered a Gauntlet
 26022 | Gauntlet | Found a transporter.
 26031 | Gauntlet | Found a transporter.
 26048 | Gauntlet | Found a transporter.
 26052 | Gauntlet | Found a transporter.
 26073 | Gauntlet | Found a transporter.
 26074 | Gauntlet | Found the +10 zealot's sword {holy, Zealotry, *Rage rN+
                  | EV+3}
 26086 | Gauntlet | Found a transporter.
 26096 | Gauntlet | Found a large runed translucent door.
 26097 | Gauntlet | Found a large runed translucent door.
 26098 | Gauntlet | Found a large runed translucent door.
 26099 | Gauntlet | Found a runed translucent gate.
 26100 | Gauntlet | Found a transporter.
 26100 | Gauntlet | Found a runed translucent gate.
 26101 | Gauntlet | Found a runed translucent gate.
 26103 | Gauntlet | Found a large runed translucent door.
 26104 | Gauntlet | Found a large runed translucent door.
 26115 | Gauntlet | Found a large runed translucent door.
 26116 | Gauntlet | Found a large runed translucent door.
 26117 | Gauntlet | Found a large runed translucent door.
 26117 | Gauntlet | Found a large runed translucent door.
 26117 | Gauntlet | Found a runed translucent door.
 26118 | Gauntlet | Found a large runed translucent door.
 26119 | Gauntlet | Found a large runed translucent door.
 26129 | Gauntlet | Found a transporter.
 26129 | Gauntlet | Found a transporter.
 26139 | Gauntlet | Found a transporter.
 26145 | Gauntlet | Noticed a balrug
 26163 | Gauntlet | Found a large runed translucent door.
 26164 | Gauntlet | Found a large runed translucent door.
 26165 | Gauntlet | Found a large runed translucent door.
 26165 | Gauntlet | Found a large runed translucent door.
 26165 | Gauntlet | Found a runed translucent door.
 26166 | Gauntlet | Found a large runed translucent door.
 26168 | Gauntlet | Found a transporter.
 26168 | Gauntlet | Found a transporter.
 26217 | Gauntlet | Gained mutation: You are weak. (Str -2) [a neqoxec]
 26223 | Gauntlet | Identified the amulet "Nejyttus" {Acrobat +Blink Int+4}
 26381 | Gauntlet | HP: 3/78 [thrashing horror (11)]
 26539 | Gauntlet | Identified the +8 short sword of Gozag's Envy {heavy, Str+3
                  | Dex+2}
 27353 | Lair:1   | Reached skill level 1 in Long Blades
 28459 | Lair:2   | Found a staircase to the Snake Pit.
 28706 | Lair:2   | Elyvilon protects you from harm!
 29108 | Lair:2   | Found a staircase to the Swamp.
 29287 | Lair:3   | You are sucked into a shaft and drop 2 floors!
 29287 | Lair:5   | Entered Level 5 of the Lair of Beasts
 29689 | Lair:5   | Noticed Urug
 29700 | Lair:5   | Killed Urug
 29701 | Lair:5   | Reached skill level 14 in Shields
 30934 | Lair:5   | Found a large runed translucent door.
 30934 | Lair:5   | Found a large runed translucent door.
 31514 | Lair:5   | Reached XP level 16. HP: 86/103 MP: 0/0
 31727 | Lair:4   | Noticed Rupert
 31857 | Lair:4   | Found a staircase to the Slime Pits.
 32018 | Lair:4   | Reached skill level 5 in Long Blades
 32450 | Lair:4   | Acquired 498 gold pieces
 32786 | Lair:4   | Killed Rupert
 34850 | Elf:1    | Entered Level 1 of the Elven Halls
 35064 | Elf:1    | Noticed Frances
 35076 | Elf:1    | Killed Frances
 35379 | Elf:1    | Reached skill level 15 in Shields
 35618 | Elf:1    | Found a portal to a secret trove of treasure.
 35905 | Elf:1    | Found Cuihok's Book Boutique.
 35906 | Elf:1    | Found Dour's Jewellery Emporium.
 35906 | Elf:1    | Found Dudduj's Jewellery Emporium.
 36145 | Elf:1    | Reached skill level 10 in Dodging
 36994 | Elf:2    | Reached XP level 17. HP: 104/111 MP: 0/0
 36994 | Elf:2    | Learned a level 7 spell: Summon Hydra
 37158 | Elf:2    | Found a runed translucent gate.
 37158 | Elf:2    | Found a runed translucent gate.
 37158 | Elf:2    | Found a runed translucent gate.
 37206 | Elf:2    | Paralysed by an air elemental for 1 turns
 37209 | Elf:2    | Paralysed by an air elemental for 1 turns
 38768 | Elf:2    | Lost mutation: You are weak. (Str -2) [mutagenic glow]
 38958 | Elf:2    | Gained mutation: You are weak. (Str -2) [mutagenic glow]
 39525 | Elf:3    | Entered Level 3 of the Elven Halls
 40109 | Elf:3    | Paralysed by an air elemental for 1 turns
 40233 | D:10     | Bought 3 potions of experience for 2550 gold pieces
 40233 | D:10     | Reached XP level 18. HP: 118/118 MP: 0/0
 40234 | D:10     | Reached skill level 16 in Shields
 40234 | D:10     | Reached XP level 19. HP: 122/122 MP: 0/0
 40234 | D:10     | Learned a level 6 spell: Eringya's Noxious Bog
 40235 | D:10     | Reached XP level 20. HP: 129/129 MP: 0/0
 42111 | Elf:3    | Reached XP level 21. HP: 119/133 MP: 0/0
 42111 | Elf:3    | Learned a level 7 spell: Spellforged Servitor
 42165 | Elf:3    | Reached skill level 17 in Shields
 42204 | Elf:3    | Gained mutation: You occasionally lose the ability to read
                  | scrolls when taking damage. [mutagenic glow]
 42212 | Elf:3    | Gained mutation: Potions are less effective at restoring
                  | your health. [mutagenic glow]
 42228 | Elf:3    | Reached skill level 10 in Armour
 42540 | Elf:3    | Lost mutation: Potions are less effective at restoring your
                  | health. [potion of mutation]
 42540 | Elf:3    | Lost mutation: You are weak. (Str -2) [potion of mutation]
 42540 | Elf:3    | Gained mutation: A frigid envelope surrounds you and
                  | freezes all who hurt you. [potion of mutation]
 42540 | Elf:3    | Gained mutation: You are partially covered in iridescent
                  | scales. (AC +2) [potion of mutation]
 42540 | Elf:3    | Gained mutation: You sometimes lose the ability to read
                  | scrolls when taking damage. [potion of mutation]
 42540 | Elf:3    | Gained mutation: Your flesh is almost immune to the effects
                  | of heat. (rF+++) [potion of mutation]
 42541 | Elf:3    | Lost mutation: Your flesh is almost immune to the effects
                  | of heat. (rF+++) [potion of mutation]
 42541 | Elf:3    | Lost mutation: You are partially covered in iridescent
                  | scales. (AC +2) [potion of mutation]
 42541 | Elf:3    | Gained mutation: Your natural rate of healing is unusually
                  | fast. [potion of mutation]
 42541 | Elf:3    | Gained mutation: You are partially covered in large bone
                  | plates. (SH +4) [potion of mutation]
 42543 | Elf:3    | Lost mutation: Your natural rate of healing is unusually
                  | fast. [potion of mutation]
 42543 | Elf:3    | Lost mutation: You are partially covered in large bone
                  | plates. (SH +4) [potion of mutation]
 42543 | Elf:3    | Gained mutation: You have a pair of small horns on your
                  | head. [potion of mutation]
 42543 | Elf:3    | Gained mutation: Armour fits poorly on your strangely
                  | shaped body. [potion of mutation]
 42543 | Elf:3    | Gained mutation: Your muscles are strong. (Str +4, Int/Dex
                  | -1) [potion of mutation]
 43161 | Elf:3    | Identified the +6 flail of the Dark Horse {freeze, Int+3}
 43339 | Elf:3    | Identified the +7 rapier "Yrel Jyw" {freeze, Int+3}
 43389 | Elf:3    | Identified the staff "Redireghea" {rElec Dex+3 SInv Necro
                  | Air}
 43422 | Elf:3    | Identified the +10 great sword of Squeaky Reinforcement
                  | {spect, Drain rF+++ Int+5}
 43431 | Elf:3    | Identified the +4 flail "Ysugium" {heavy, rC- Str+3 Int+2
                  | Stlth+}
 43431 | Elf:3    | Identified the ring "Newniteh" {*Slow Str+6 Dex+5}
 43566 | Elf:3    | Identified the staff "Iream" {rElec rC+ Str+5 Ice}
 44041 | Swamp:1  | Entered Level 1 of the Swamp
 44238 | Swamp:1  | Reached skill level 10 in Long Blades
 44371 | Swamp:1  | Found a stormy altar of Qazlal.
 45624 | Swamp:2  | Noticed Donald
 45655 | Swamp:2  | Killed Donald
 46200 | Orc:2    | Bought a potion of mutation for 104 gold pieces
 46201 | Orc:2    | Lost mutation: A frigid envelope surrounds you and freezes
                  | all who hurt you. [potion of mutation]
 46201 | Orc:2    | Lost mutation: Armour fits poorly on your strangely shaped
                  | body. [potion of mutation]
 46201 | Orc:2    | Gained mutation: Your mind is acute. (Int +4, Str/Dex -1)
                  | [potion of mutation]
 46201 | Orc:2    | Lost mutation: Your mind is acute. (Int +4, Str/Dex -1)
                  | [potion of mutation]
 46201 | Orc:2    | Gained mutation: You have hidden genetic defects. [potion
                  | of mutation]
 46201 | Orc:2    | Gained mutation: You possess an exceptional clarity of
                  | mind. [potion of mutation]
 47932 | Swamp:4  | Entered Level 4 of the Swamp
 49219 | Swamp:4  | Gained mutation: You do not regenerate when monsters are
                  | visible. [hidden defects]
 49641 | Swamp:4  | Noticed the 27-headed Lernaean hydra
 49641 | Swamp:4  | Found the +5 Lochaber axe {reach-cleave, Poleaxe Drain}
 50195 | Swamp:4  | Elyvilon protects you from harm!
 50195 | Swamp:4  | HP: 5/136 [the 27-headed Lernaean hydra (5)]
 50195 | Swamp:4  | Slain by the 27-headed Lernaean hydra

Illustrated notes

Levels and vault maps discovered:
D:1:      dpeg_arrival_pits, layout_rooms, ebering_ecumenical_altar_box,
          roderic_lattice_a
D:2:      layout_basic
D:3:      gammafunk_steamed_eel, layout_loops_ring,
          nicolae_overflow_crystal_walls
D:4:      layout_loops_corners, mainiacjoe_overflow_alcove_2,
          minmay_temple_entry_overgrown, serial_glass, glass_columns_a,
          glass_columns_b, glass_columns_a, glass_columns_a, glass_columns_b,
          glass_columns_c, glass_columns_a, glass_columns_a, serial_shops, shop,
          nicolae_shop_rolling_square, nicolae_stop_n_shop_1, shop_fountains
D:5:      layout_basic, gammafunk_ghost_gnarly_gnolls, uniq_eustachio
D:6:      layout_gridville, lemuel_doored_altar, nicolae_ossuary_entry_giza,
          uniq_blork_the_orc
D:7:      layout_loops_corners, kennysheep_mini_moat
D:8:      layout_basic, due_lair_maze_entry_diamond, uniq_maurice
D:9:      nicolae_BIG_FREAKIN_CUBE, layout_cave_pools, orc_0_dummy,
          kennysheep_generic_room_10
D:10:     layout_basic, serial_shops, nicolae_shop_tiny_statue_garden,
          uniq_psyche
D:11:     layout_roguey, grunt_ministairs_10, corner_web_ring, dk_vineyard_3
D:12:     layout_cave_pods, uniq_josephine, uniq_nessos
D:13:     layout_gridville, minivault_28
D:14:     kennysheep_treasure_stockpile, layout_cross,
          grunt_vaults_entry_tiered, nicolae_elyvilon_peaceful_grove
D:15:     grunt_enter_depths_magical_seal, layout_basic, chequers_garden
Temple:   mainiacjoe_temple_coin_purse
Lair:1:   dreamdust_cave_troll, layout_long_grid, gauntlet_entry_generic,
          gammafunk_ghost_split, serial_bayou_shore_a, lemuel_fruit_fields
Lair:2:   layout_regular_city, nicolae_swamp_entry_splash_gauntlet,
          nicolae_snake_entry_squirm
Lair:3:   layout_small_grid, hangedman_lair_unloving_vines
Lair:4:   cheibrodos_lair_river_kwai, layout_regular_city,
          minmay_slime_entry_pillars, pdpol_lair_cavern_descent,
          grunt_megastairs_1, uniq_rupert
Lair:5:   cheibrodos_lair_end_hotspot, layout_regular_city,
          minmay_lair_oklob_bushes, nicolae_lair_grove_arrangements,
          chequers_serial_rivers_small_a, nicolae_quartered_pool_super,
          uniq_urug
Swamp:1:  layout_falls_marsh, lemuel_altar_in_water, swamp_pool1,
          hangedman_swamp_pad
Swamp:2:  layout_basic_swamp, serial_swamp_ruin, evilmike_swamp_ruin_house_2,
          evilmike_swamp_ruin_rubble_2, evilmike_swamp_ruin_house_5, uniq_donald
Swamp:3:  layout_basic_swamp, evilmike_swamp_ruin_wall,
          cheibrodos_swamp_pet_leeches, infiniplex_staircase_pool
Swamp:4:  swamp, layout_basic_swamp
Orc:1:    layout_diamond_mine
Orc:2:    st_orc_mages, layout_caves, serial_shops, shop_statue, mines2_david,
          uniq_jorgrun
Elf:1:    minmay_elf_arrival_plus, layout_geoelf_octagon,
          nicolae_trove_entry_crystal, hangedman_elf_represent,
          minmay_shop_grove, uniq_frances
Elf:2:    nicolae_elf_blades_splatter_lattice [nicolae_blade_entry_antechamber],
          layout_loops_cross, serial_co_window_serial, co_window_corner_a,
          co_window_corner_a, co_window_paths_a, co_window_paths_a,
          co_window_paths_a, co_window_broadway_b, co_window_broadway_c,
          co_window_paths_c, co_window_corner_b, glass_columns_b,
          glass_columns_a, glass_columns_a, glass_columns_b, glass_columns_a
Elf:3:    minmay_elf_hall, layout_geoelf_castle, serial_co_window_serial,
          co_window_of_opportunity_a, co_window_paths_a,
          co_window_of_opportunity_a, co_window_of_opportunity_a,
          co_window_corner_a, co_window_corner_a, co_window_of_opportunity_a,
          co_window_corner_a, co_window_of_opportunity_a, co_window_cross_3,
          co_window_corner_cb, co_window_paths_c, glass_columns_b,
          glass_columns_b

Skill      XL: |  1  2  3  4  5  6  7  8  9 10 11 12 13 14 15 16 17 18 19 20 21 |
---------------+----------------------------------------------------------------+-----
Spellcasting   | 4 5 6 7 8 9 10 11 12 13 14 | 14.0
Conjurations   | 4 5 6 7 8 9 10 11 12 13 14 | 14.0
Hexes          | 4 5 6 7 8 9 10 11 12 13 14 | 14.0
Summonings     | 4 5 6 7 8 9 10 11 12 13 14 | 14.0
Necromancy     | 4 5 6 7 8 9 10 11 12 13 14 | 14.0
Translocations | 4 5 6 7 8 9 10 11 12 13 14 | 14.0
Transmutations | 4 5 6 7 8 9 10 11 12 13 14 | 14.0
Fire Magic     | 4 5 6 7 8 9 10 11 12 13 14 | 14.5
Ice Magic      | 4 5 6 7 8 9 10 11 12 13 14 | 14.0
Air Magic      | 4 5 6 7 8 9 10 11 12 13 14 | 14.0
Earth Magic    | 4 5 6 7 8 9 10 11 12 13 14 | 14.0
Poison Magic   | 4 5 6 7 8 9 10 11 12 13 14 | 14.0
Dodging        | 3 4 5 6 7 8 9 10 | 10.2
Short Blades   | 1 |  1.7
Fighting       | 1 2 3 4 5 6 7 8 |  8.2
Shields        | 1 2 3 6 8 10 11 13 14 15 16 17 | 17.0
Axes           | 1 3 |  3.8
Evocations     | 1 |  1.3
Armour         | 1 3 4 5 6 7 8 9 10 | 10.0
Invocations    | 4 6 7 9 10 11 12 14 | 14.4
Long Blades    | 4 7 8 9 11 | 11.0
Stealth        | |  1.7
Unarmed Combat | |  0.5

Action                     |  1- 3 |  4- 6 |  7- 9 | 10-12 | 13-15 | 16-18 | 19-21 || total
---------------------------+-------+-------+-------+-------+-------+-------+-------++-------
  Melee: Short sword       |    16 |    60 |       |       |       |       |       ||    76
         Punch             |       |     1 |       |     1 |       |       |       ||     2
         Unarmed           |       |       |     8 |       |       |       |       ||     8
         Hand axe          |       |       |   104 |    12 |       |       |       ||   116
         Whip              |       |       |       |   454 |   445 |       |       ||   899
         Eudemon blade     |       |       |       |       |   124 |       |       ||   124
         Double sword      |       |       |       |       |   109 |   324 |   292 ||   725
         Headbutt          |       |       |       |       |       |       |    87 ||    87
  Throw: Dart              |       |       |       |     1 |       |       |       ||     1
   Cast: Sting             |    50 |    47 |    11 |       |       |       |       ||   108
         Poisonous Vapours |       |    17 |    41 |    87 |   111 |    46 |    16 ||   318
         Call Imp          |       |     2 |       |       |       |       |       ||     2
         Olgreb's Toxic Ra |       |       |    13 |    28 |    66 |    20 |    24 ||   151
         Sticky Flame      |       |       |    19 |    41 |    98 |    71 |    83 ||   312
         Mephitic Cloud    |       |       |     1 |     1 |     1 |       |       ||     3
         Summon Forest     |       |       |       |       |     9 |     4 |     1 ||    14
         Irradiate         |       |       |       |       |    29 |    47 |    44 ||   120
         Lesser Beckoning  |       |       |       |       |     1 |       |       ||     1
         Summon Cactus Gia |       |       |       |       |       |    13 |    28 ||    41
         Summon Hydra      |       |       |       |       |       |       |     7 ||     7
         Eringya's Noxious |       |       |       |       |       |       |     3 ||     3
         Spellforged Servi |       |       |       |       |       |       |     1 ||     1
 Invoke: Heal Self         |       |       |       |       |    27 |     5 |    20 ||    52
         Divine Vigour     |       |       |       |       |       |       |     2 ||     2
  Evoke: Wand              |       |       |     2 |       |     3 |       |     1 ||     6
    Use: Potion            |       |       |     1 |       |       |     2 |     5 ||     8
         Scroll            |       |       |     9 |     5 |     8 |     8 |     5 ||    35
   Stab: Sleeping          |       |       |     2 |     2 |     4 |     1 |     3 ||    12
         Confused          |       |       |     1 |       |       |       |       ||     1
         Distracted        |       |       |       |       |     1 |       |     1 ||     2
 Armour: Robe              |       |     9 |     9 |       |       |       |       ||    18
         Ring mail         |       |       |    48 |   185 |   316 |   136 |   240 ||   925
         Skin              |       |       |     5 |       |       |       |       ||     5
  Dodge: Dodged            |    19 |    44 |   139 |   162 |   376 |   171 |   346 ||  1257
  Block: Other             |     6 |    16 |    61 |     5 |       |       |       ||    88
         Reflection        |     2 |       |     1 |    13 |    35 |    28 |    32 ||   111
         Kite shield       |       |       |       |   431 |   911 |   411 |   493 ||  2246

Table legend: (Time is in decaauts)
 A = Elapsed time spent in this place.
 B = Non-inter-level travel time spent in this place.
 C = Inter-level travel time spent in this place.
 D = Time resting spent in this place.
 E = Time spent auto-exploring this place.
 F = Levels seen in this place.
 G = Mean time per level.
                   A        B        C        D        E       F      G
               +--------+--------+--------+--------+--------+-----+--------+
         Total |  50762 |  47861 |   2901 |  11388 |  26304 |  32 | 1586.3 |
       Dungeon |  22847 |  21248 |   1599 |   3592 |  13204 |  15 | 1523.1 |
        Temple |     73 |     62 |     11 |      0 |     25 |   1 |   73.0 |
          Lair |   8774 |   8314 |    460 |   1154 |   5274 |   5 | 1754.8 |
         Swamp |   5809 |   5667 |    142 |   2329 |   2283 |   4 | 1452.2 |
  Orcish Mines |   3128 |   2846 |    282 |   1220 |   1072 |   2 | 1564.0 |
   Elven Halls |   8732 |   8326 |    406 |   2442 |   4061 |   3 | 2910.7 |
       Ossuary |    606 |    606 |      0 |    228 |    224 |   1 |  606.0 |
      Gauntlet |    788 |    788 |      0 |    423 |    160 |   1 |  788.0 |
               +--------+--------+--------+--------+--------+-----+--------+

Top non-repeatable levels by time:
   Elf:3: 3485 daAuts
   Elf:2: 3146 daAuts
    D:15: 3052 daAuts
     D:5: 2704 daAuts
 Swamp:3: 2561 daAuts
  Lair:5: 2328 daAuts
     D:8: 2292 daAuts
     D:4: 2163 daAuts
   Elf:1: 2101 daAuts
  Lair:4: 2061 daAuts
  Lair:2: 1883 daAuts
    D:12: 1877 daAuts
   Orc:1: 1855 daAuts
    D:13: 1663 daAuts
 Swamp:2: 1643 daAuts
